 Dungeon Sprint DCSS version 0.26-a0-661-g406de6ba63 (webtiles) character file.

Game seed: 6273513991887350254

24 TerrariaFan the Firebug (level 2, 0/15 HPs)
             Began as a Deep Elf Fire Elementalist on Oct 8, 2020.
             Slain by a water elemental (7 damage)
             ... in the Dungeon (Sprint III: "The Ten Rune Challenge").
             The game lasted 00:01:09 (277 turns).

TerrariaFan the Firebug (Deep Elf Fire Elementalist) Turns: 277, Time: 00:01:09

Health: 0/15       AC:  2    Str:  5    XL:     2   Next: 79%
Magic:  5/9        EV: 14    Int: 19    God:
Gold:   28         SH:  0    Dex: 15    Spells: 9/10 levels left

rFire    + . .     SeeInvis .   (no weapon)
rCold    . . .     Faith    .   (no shield)
rNeg     . . .     Spirit   .   a - +0 robe
rPois    +         Reflect  .   (no helmet)
rElec    .         Harm     .   (no cloak)
rCorr    .         Rampage  .   (no gloves)
MR       .....     NoTele   +   (no boots)
Stlth    +.........             (no amulet)
HPRegen  0.05/turn              (no ring)
MPRegen  0.11/turn              (no ring)

@: very slow
A: fire resistance 1, poison resistance
a: no special abilities


You were in the Dungeon.
You visited 1 branch You collected 28 gold pieces.

Inventory:

Armour
 a - a +0 robe (worn)
Scrolls
 g - 2 scrolls of holy word {unknown}
 h - a scroll of blinking
 i - 2 scrolls of identify
 j - a scroll of magic mapping {unknown}
 l - a scroll of enchant armour {unknown}
Potions
 b - a potion of cancellation {unknown}
 c - a potion of curing
 d - a potion of heal wounds
 e - a potion of haste
 f - 2 potions of magic
 k - a potion of stabbing {unknown}
 m - 2 potions of flight
 n - 4 potions of mutation


   Skills:
 + Level 3.6 Dodging
 + Level 3.1 Stealth
 + Level 4.8 Spellcasting
 + Level 1.4 Conjurations
 + Level 5.3 Fire Magic


You had 9 spell levels left.
You knew the following spells:

 Your Spells              Type           Power        Failure   Level
a - Foxfire               Conj/Fire      ###.         3%          1

Your spell library contained the following spells:

 Spells                   Type           Power        Failure   Level
 Conjure Flame            Conj/Fire      ###.....     10%         3
 Inner Flame              Hex/Fire       ##......     13%         3
 Sticky Flame             Conj/Fire      ###.....     30%         4
 Fireball                 Conj/Fire      ###.......   65%         5


Dungeon Overview and Level Annotations

Branches:
Dungeon (1/1)

Altars:


Innate Abilities, Weirdness & Mutations

Your flesh is heat resistant. (rF+)
Your system is resistant to poisons. (rPois)


Message History

You conjure some foxfire!
The foxfire hits the water elemental.
The water elemental is burned terribly!
The water elemental is heavily damaged.
Casting: Foxfire (safe; 3% risk of failure)
Confirm with . or Enter, or press ? or * to list all spells.
You conjure some foxfire!
The foxfire hits the water elemental.
The water elemental is heavily damaged.
The foxfire hits the water elemental.
The water elemental is heavily damaged.
The foxfire hits the water elemental.
The water elemental is burned terribly!
The water elemental is severely damaged.
Casting: Foxfire (safe; 3% risk of failure)
Confirm with . or Enter, or press ? or * to list all spells.
You conjure some foxfire!
The foxfire hits the water elemental but does no damage.
The water elemental is severely damaged.
The foxfire hits the water elemental.
The water elemental is burned terribly!
The water elemental is almost destroyed.
The water elemental hits you!
You die...

▓..#..#......♣ ♣.#
▓#'####......♣ ..#
▓.....#....≈.♣ ♣.# #+#+#
▓.....#...≈≈.♣ ♣.#......
▓.....#..≈≈≈≈♣♣♣♣.'.⌠....
▓####'#..≈≈≈≈≈≈...#...###
▓.....#.≈≈≈≈≈≈....# ⌠.#
▓.....#.≈≈≈≈≈.....# .#
▓.....#.≈≈@E......# #
▓'#####...........#
▓.................#
▓▓▓▓▓▓▓▓▓▓▓▓▓▓▓▓▓▓▓


You could see a water elemental.

Vanquished Creatures
  A human (D)
  A phantom (D)
  4 rats (D)
6 creatures vanquished.

Vanquished Creatures (others)
  31 foxfires (D)
  2 plants (D)
33 creatures vanquished.

Grand Total: 39 creatures vanquished

Notes
Turn   | Place    | Note
-------+----------+-------------------------------------------
     0 | D        | TerrariaFan the Deep Elf Fire Elementalist began the quest
                  | for the Orb.
     0 | D        | Reached XP level 1. HP: 10/10 MP: 6/6
   110 | D        | Reached skill level 5 in Fire Magic
   110 | D        | Reached XP level 2. HP: 15/15 MP: 1/9
   250 | D        | Gained mutation: Your flesh is heat resistant. (rF+)
                  | [potion of mutation]
   250 | D        | Gained mutation: Your system is resistant to poisons.
                  | (rPois) [potion of mutation]
   265 | D        | Noticed a water elemental
   277 | D        | Slain by a water elemental

Illustrated notes

Levels and vault maps discovered:
D:        dungeon_sprint_mu [sprint_mu_entry_forest, sprint_mu_temple_rooms,
          sprint_mu_d1_horrors, sprint_mu_d2_genie, sprint_mu_d3_branching,
          sprint_mu_orc_legion, sprint_mu_elf_gauntlet, sprint_mu_hive_nellie,
          sprint_mu_lair_fedhas, sprint_mu_vaults_butterflies,
          sprint_mu_slime_circle, sprint_mu_swamp_cave, sprint_mu_shoals_archi,
          sprint_mu_blade_basic, sprint_mu_crypt_fortress,
          sprint_mu_tomb_spiral, sprint_mu_vestibule_basic,
          sprint_mu_gehenna_hellfire, sprint_mu_dis_giant,
          sprint_mu_tartarus_statrot, sprint_mu_cocytus_islands, sprint_mu_zot1]

Skill      XL: |  1 |
---------------+----+-----
Dodging        | 3 |  3.6
Stealth        | 3 |  3.1
Spellcasting   | 4 |  4.8
Fire Magic     | 5 |  5.3
Conjurations   | |  1.4

Action                   || total
-------------------------++-------
Melee: Unarmed           ||     4
 Cast: Foxfire           ||    18
  Use: Potion            ||     2
       Scroll            ||     1
Dodge: Dodged            ||     5

Table legend: (Time is in decaauts)
 A = Elapsed time spent in this place.
 B = Non-inter-level travel time spent in this place.
 C = Inter-level travel time spent in this place.
 D = Time resting spent in this place.
 E = Time spent auto-exploring this place.
 F = Levels seen in this place.
 G = Mean time per level.
                   A        B        C        D        E       F      G
               +--------+--------+--------+--------+--------+-----+--------+
         Total |    290 |    278 |     12 |    164 |     22 |   1 |  290.0 |
       Dungeon |    290 |    278 |     12 |    164 |     22 |   1 |  290.0 |
               +--------+--------+--------+--------+--------+-----+--------+

Top non-repeatable levels by time:
       D: 290 daAuts
